Map: Eastwatch LE

Players

Arctur - Winner!

  • Race: Terran Terran
  • Spawn Location: 7:00

NightEnD

  • Race: Protoss Protoss
  • Spawn Location: 1:00

Event: WCS Leipzig 2018

VOD

Have the link to the VOD?

Description

Time

  • Played on: Jan. 26, 2018, 10:10 a.m.
  • Length: 9:21

All games in this series

Show
View Real Time Build Order
Export as new Build Order

Arctur Terran - Winner!

Build Orders: Reaper Expand, MMM Bio 

Get SALT Encoding   

  12  0:00  SCV  
  13  0:12  SCV  
  14  0:17  Supply Depot  
  14  0:25  SCV  
  15  0:39  SCV, Barracks  
  16  0:44  Refinery  
  16  0:51  SCV  
  17  1:03  SCV  
  18  1:15  SCV  
  19  1:27  Orbital Command  
  19  1:28  Reaper  
  20  1:44  Command Center  
  20  1:52  Supply Depot  
  20  1:54  SCV  
  20  2:00  Barracks Reactor  
  21  2:07  SCV  
  22  2:19  SCV  
  23  2:29  Command Center  
  23  2:31  SCV  
  23  2:37  Marine x2  
  24  2:43  SCV  
  27  2:48  Barracks  
  27  2:56  SCV  
  27  2:58  Orbital Command  
  28  3:03  Marine x2  
  30  3:08  SCV  
  31  3:13  Engineering Bay  
  31  3:20  SCV  
  31  3:22  Marine x2  
  31  3:23  SCV  
  35  3:32  SCV  
  36  3:35  Barracks Tech Lab, Barracks  
  36  3:38  SCV  
  36  3:40  Terran Infantry Weapons Level 1  
  37  3:44  SCV  
  37  3:45  Marine x2  
  40  3:49  Bunker  
  40  3:52  Orbital Command  
  40  3:55  SCV  
  41  3:59  Stimpack  
  41  4:02  Missile Turret  
  41  4:04  SCV  
  41  4:09  SCV  
  42  4:14  Factory  
  42  4:16  SCV  
  43  4:20  Refinery  
  43  4:21  SCV  
  43  4:22  SCV, Refinery  
  45  4:25  Barracks Tech Lab  
  45  4:28  SCV, Missile Turret  
  46  4:34  Marine  
  46  4:35  SCV, Marauder, Marine  
  46  4:36  SCV  
  52  4:42  Supply Depot  
  52  4:43  SCV  
  52  4:44  Combat Shields  
  53  4:46  Marine  
  53  4:51  SCV  
  53  4:52  SCV, Marine x2  
  57  4:55  SCV  
  57  4:56  Refinery  
  59  5:00  Starport  
  59  5:04  Factory Reactor  
  59  5:07  SCV  
  59  5:11  Marine, Marauder x2  
  59  5:12  Marine  
  59  5:14  Orbital Command  
  66  5:16  Barracks  
  66  5:19  Barracks  
  66  5:29  Marine  
  66  5:32  Marauder  
  66  5:34  Terran Infantry Armor Level 1  
  69  5:38  Supply Depot, Marine, Marauder  
  69  5:39  Supply Depot  
  69  5:41  SCV x2  
  69  5:42  SCV  
  75  5:47  Marine  
  76  5:53  SCV  
  76  5:54  Factory Reactor  
  77  5:59  SCV, Medivac x2, Marine  
  77  6:00  SCV, Marauder  
  77  6:01  Supply Depot, Marauder  
  88  6:04  Marine  
  88  6:06  Supply Depot  
  88  6:09  SCV  
  89  6:11  SCV  
  89  6:13  SCV, Barracks Tech Lab x2  
  89  6:15  Barracks Reactor  
  89  6:17  Marine  
  92  6:23  Marauder x2  
  92  6:24  Supply Depot  
  92  6:25  Supply Depot  
  96  6:26  Refinery  
  96  6:33  Medivac  
  96  6:34  Medivac  
  96  6:35  Widow Mine  
  96  6:36  Widow Mine  
  104  6:47  Supply Depot, Marine x2, Marauder  
  104  6:48  Supply Depot, Marine  
  104  6:49  Marine  
  110  7:01  Marine  
  107  7:06  Marauder  
  107  7:07  Marine  
  107  7:08  Marauder  
  107  7:09  Marauder  
  107  7:15  Marine x2  
  104  7:18  Liberator  
  98  7:24  Liberator  
  98  7:25  Marine x2  
  98  7:28  Marauder  
  98  7:29  Marauder  
  101  7:30  SCV x2, Marauder  
  101  7:33  Marine x2  
  101  7:35  SCV  
  109  7:42  Marine  
  109  7:43  Marine  
  108  7:49  Marauder  
  108  7:51  Marauder x2, Marine x2  
  107  7:54  Refinery, Widow Mine, Starport  
  107  7:56  Widow Mine  
  113  8:01  Liberator  
  113  8:07  Liberator  
  113  8:11  Marauder  
  113  8:12  Marauder  
  117  8:13  Marauder  
  117  8:15  SCV x2, Widow Mine  
  117  8:18  Widow Mine  
  128  8:34  Marine x2, Marauder x2  
  134  8:44  Marine x2  
  134  8:45  Factory Reactor, Marauder  
  141  8:51  Supply Depot  
  141  8:52  Supply Depot  
  141  8:55  Supply Depot, Marine x2, Marauder  
  148  8:57  Supply Depot  
Show
View Real Time Build Order
Export as new Build Order

NightEnD Protoss 

Build Orders: 1 Gate Expand, Blink Stalkers 

Get SALT Encoding   

  12  0:00  Probe  
  13  0:12  Probe  
  14  0:22  Pylon  
  14  0:25  Probe  
  15  0:40  Probe (Chrono Boost)  
  15  0:41  Gateway  
  16  0:48  Assimilator  
  17  0:50  Probe (Chrono Boost)  
  17  0:55  Probe (Chrono Boost)  
  18  1:06  Probe  
  19  1:18  Probe  
  20  1:27  Nexus  
  20  1:40  Cybernetics Core  
  20  1:42  Probe  
  21  1:47  Assimilator  
  22  1:54  Probe  
  22  1:58  Pylon  
  22  2:06  Probe  
  22  2:14  Stalker (Chrono Boost)  
  22  2:17  Warp Gate  
  22  2:18  Probe (Chrono Boost)  
  25  2:27  Probe (Chrono Boost), Twilight Council  
  26  2:32  Probe (Chrono Boost)  
  27  2:38  Stalker  
  27  2:41  Probe (Chrono Boost)  
  30  2:50  Probe (Chrono Boost)  
  32  2:52  Probe (Chrono Boost)  
  32  2:56  Blink (Chrono Boost)  
  32  2:57  Probe (Chrono Boost)  
  32  2:58  Probe (Chrono Boost)  
  34  3:07  Probe  
  35  3:15  Gateway  
  35  3:19  Gateway  
  35  3:24  Shield Battery  
  35  3:26  Probe  
  36  3:28  Probe  
  36  3:33  Stalker  
  39  3:38  Probe  
  40  3:42  Pylon  
  40  3:44  Probe  
  41  3:50  Probe  
  41  3:53  Pylon  
  42  3:56  Probe  
  42  4:01  Robotics Facility  
  42  4:02  Probe  
  44  4:03  Assimilator  
  44  4:09  Probe  
  45  4:14  Probe  
  46  4:20  Stalker  
  46  4:21  Probe  
  49  4:27  Probe  
  50  4:31  Nexus  
  50  4:33  Probe  
  51  4:39  Probe, Stalker  
  51  4:44  Stalker  
  56  4:46  Probe  
  56  4:48  Observer (Chrono Boost)  
  56  4:49  Pylon  
  56  4:52  Pylon  
  58  4:54  Probe  
  58  4:58  Probe  
  60  5:03  Observer  
  61  5:10  Stalker x2  
  61  5:11  Stalker  
  61  5:12  Probe x2  
  69  5:24  Probe x2  
  69  5:26  Forge, Charge (Chrono Boost)  
  69  5:27  Observer  
  72  5:29  Forge  
  72  5:36  Probe  
  73  5:47  Probe x2, Gateway  
  73  5:48  Probe, Gateway  
  76  5:52  Observer, Gateway  
  76  5:56  Protoss Ground Weapons Level 1 (Chrono Boost)  
  76  5:57  Protoss Ground Armor Level 1 (Chrono Boost)  
  76  5:58  Pylon  
  76  6:01  Pylon  
  76  6:03  Probe x2  
  78  6:07  Probe  
  78  6:09  Assimilator  
  78  6:11  Observer  
  79  6:15  Probe x2  
  81  6:19  Probe  
  81  6:20  Pylon  
  82  6:27  Probe x2, Zealot x3  
  82  6:31  Probe  
  82  6:32  Observer  
  92  6:39  Probe  
  94  6:40  Probe, Assimilator  
  94  6:41  Assimilator  
  94  6:44  Pylon  
  94  6:46  Probe  
  95  6:50  Pylon  
  95  6:52  Zealot x3  
  95  6:53  Zealot x2  
  105  6:56  Pylon  
  105  6:57  Zealot  
  87  7:12  Zealot  
  87  7:13  Zealot x3  
  87  7:14  Zealot  
  93  7:23  Zealot  
  85  7:36  Zealot x2  
  86  7:37  Zealot  
  86  7:40  Probe x2  
  86  7:43  Pylon  
  90  7:45  Pylon  
  90  7:50  Zealot  
  86  7:57  Stalker x3  
  89  8:06  Immortal (Chrono Boost)  
  93  8:18  Zealot  
  93  8:19  Zealot x2  
  93  8:21  Zealot x3  
  97  8:29  Robotics Facility  
  97  8:31  Robotics Bay  
  95  8:36  Immortal (Chrono Boost)  
  99  8:41  Sentry  
  99  8:42  Stalker x3, Sentry x2  
  111  8:53  Pylon  
  111  8:59  Pylon  
  111  9:06  Zealot x3  
  111  9:08  Zealot x3  
Tags
 
Add a new tag
Caveats
  • Supply blocks, unpowered buildings, or Contaminate may cause inaccurate times.
  • Supply counts are checked every 10 seconds.